 Dungeon Crawl Stone Soup version 0.19-a0-944-gb338e1e (webtiles) character file.

65 Kold the Slasher (level 3, -8/29 HPs)
             Began as a Demonspawn Berserker on July 10, 2016.
             Was a Believer of Trog.
             Mangled by a gnoll
             ... wielding a +0 halberd
              (16 damage)
             ... on level 1 of the Dungeon.
             The game lasted 00:02:24 (1053 turns).

Kold the Slasher (Demonspawn Berserker)             Turns: 1053, Time: 00:02:25

Health: -8/29      AC:  2    Str: 17    XL:     3   Next: 94%
Magic:  3/3        EV: 12    Int:  8    God:    Trog [**....]
Gold:   33         SH:  0    Dex: 13    Spells: 0 memorised, 2 levels left

rFire  . . .     SeeInvis .     a - +0 falchion
rCold  . . .     Gourm    .     b - +0 animal skin
rNeg   . . .     Faith    .     (no shield)
rPois  .         Spirit   .     (no helmet)
rElec  .         Dismiss  .     (no cloak)
rCorr  .         Reflect  .     (no gloves)
SustAt .         Harm     .     (no boots)
MR     .....                    (no amulet)
Stlth  +.........               (no ring)
                                (no ring)

@: not resistant to hostile enchantments, very unstealthy
A: spiny 1
a: Berserk, Trog's Hand, Burn Spellbooks, Renounce Religion


You were on level 1 of the Dungeon.
You worshipped Trog.
Trog was pleased with you.
You were hungry.

You visited 1 branch of the dungeon, and saw 2 of its levels.

You collected 33 gold pieces.

Inventory:

Hand Weapons
 a - a +0 falchion (weapon)
Armour
 b - a +0 animal skin (worn)
Scrolls
 f - a scroll of remove curse {unknown}
 h - a scroll of identify {unknown}
Potions
 d - a potion of beneficial mutation {unknown}
 e - a potion of berserk rage {unknown}
Comestibles
 c - 3 bread rations
 g - a slice of pizza


   Skills:
 - Level 3.0 Fighting
 + Level 4.4 Long Blades
 - Level 1.7 Armour
 - Level 1.7 Dodging


You had 2 spell levels left.
You didn't know any spells.

Dungeon Overview and Level Annotations

Branches:
Dungeon (2/15)

Altars:


Innate Abilities, Weirdness & Mutations

You are partially covered in sharp spines.


Message History

The kobold is struck by your spines. The kobold barely misses you.
A mysterious force pulls you upwards. The hatch slams shut behind you.
You are too injured to fight recklessly!
You are too injured to fight recklessly!
You are too injured to fight recklessly!
You are too injured to fight recklessly!
You are too injured to fight recklessly!
You are too injured to fight recklessly!
You hit the kobold but do no damage.
The kobold is heavily wounded.
The kobold is struck by your spines.
You kill the kobold!
Trog accepts your kill.
h - a scroll labeled NASCHO USOXIU
Things that are here:
an antimagic dagger; a kobold corpse A gnoll comes into view.
It is wielding a halberd.
The gnoll hits you from afar with a halberd!
Ouch! That really hurt!
You die...

........#.##...####.########...#.
.............).####.########...#.
.................................
.................................
...............####.########..#.#
.#..................# #........
....†..........###g.# ####..#..
.#..#...............# #.....
.#..#...#.#...).@...# #..#..
.#..#...#.#...####..########..#..
..........#...####...............
##......#..................#.....
..............####.#######.#..#.#
##..#...#.....# #...# #.#..###
###.#.........####.#######)#.....
...........................#..)..
..............................###


You could see a gnoll.

Vanquished Creatures
  Natasha (D:2)
  A worm (D:2)
  2 dart slugs (D:1)
  2 giant geckos
  A giant cockroach (D:1)
  4 goblins
  8 hobgoblins
  3 jackals (D:1)
  3 bats
  A giant newt (D:1)
  2 kobolds (D:1)
  3 rats (D:1)
31 creatures vanquished.

Notes
Turn   | Place    | Note
-------+----------+-------------------------------------------
     0 | D:1      | Kold the Demonspawn Berserker began the quest for the Orb.
     0 | D:1      | Reached XP level 1. HP: 18/18 MP: 1/1
    76 | D:1      | Reached skill level 3 in Long Blades
    87 | D:1      | Gained mutation: You are partially covered in sharp spines. [demonic ancestry]
    87 | D:1      | Reached XP level 2. HP: 11/24 MP: 2/2
   674 | D:1      | Reached XP level 3. HP: 23/29 MP: 3/3
   941 | D:2      | Reached ** piety under Trog
  1026 | D:2      | Noticed Natasha
  1028 | D:2      | Reached skill level 4 in Long Blades
  1033 | D:2      | Killed Natasha
  1053 | D:1      | Mangled by a gnoll

Vault maps used:
D:1:      roderic_dead_forest
D:2:      first_bread, minmay_tromino_i4, uniq_natasha

Skill      XL: |  1  2  3 |
---------------+----------+-----
Long Blades    | 3 4 |  4.4
Fighting       | |  3.0
Armour         | |  1.7
Dodging        | |  1.7

Action                   || total
-------------------------++-------
Melee: Falchion          ||    86
 Stab: Sleeping          ||     1
Armor: Animal skin       ||    10
Dodge: Dodged            ||    49
